[Event "Salamanca Festival Masters 2018"]
[Site "Salamanca"]
[Date "2018.10.27"]
[Round "6"]
[White "Matnadze, Ana"]
[Black "Calzetta, Mónica"]
[Result "1-0"]
[ECO "A37"]
[WhiteElo "2379"]
[BlackElo "2235"]
[Annotator "NA"]
[PlyCount "75"]
[EventDate "2018.10.24"]
[EventType "tourn"]
[EventCountry "ESP"]
[SourceTitle "playchess.com"]
[Source "ChessBase"]
[SourceQuality "1"]
[TimeControl "2400+5"]

1. Nf3 c5 2. c4 g6 3. Nc3 Nc6 4. g3 Bg7 5. Bg2 d6 6. O-O e6 7. e3 Nge7 8. d4 O-O 9. d5 Na5 10. Nd2 Rb8 11. a4 b6 12. Qc2 Ba6 13. Nb5 exd5 14. cxd5 Qd7 15. Nc4 Nxc4 16. Qxc4 Bb7 17. Nxa7 Nxd5 18. Bxd5 Bxd5 19. Qxd5 Qxa7 20. Qxd6 Rfd8 21. Qc6 h5 22. Ra3 Qa6 23. Kg2 h4 24. gxh4 c4 25. Qf3 Rd6 26. e4 Rbd8 27. Re3 Qxa4 28. e5 Re6 29. Ra3 Qb5 30. Ra7 Qe8 31. Bg5 Rc8 32. Rd1 Bxe5 33. Rdd7 f5 34. Qd5 Bb8 35. Rg7+ Kh8 36. Rh7+ Kg8 37. Rag7+ Kf8 38. Bh6 1-0

[Event "Salamanca Festival Masters 2018"]
[Site "Salamanca"]
[Date "2018.10.27"]
[Round "7"]
[White "Atalik, Ekaterina"]
[Black "Santos Ruiz, Miguel"]
[Result "0-1"]
[ECO "E20"]
[WhiteElo "2420"]
[BlackElo "2327"]
[Annotator "NA"]
[PlyCount "118"]
[EventDate "2018.10.24"]
[EventType "tourn"]
[EventCountry "ESP"]
[SourceTitle "playchess.com"]
[Source "ChessBase"]
[SourceQuality "1"]
[TimeControl "2400+5"]

1. d4 Nf6 2. c4 e6 3. Nc3 Bb4 4. g3 O-O 5. Bg2 d5 6. Nf3 dxc4 7. O-O Nc6 8. Qa4 Nd5 9. Qc2 Be7 10. Rd1 Ncb4 11. Qb1 c5 12. a3 Nxc3 13. bxc3 Nd5 14. Bd2 Qa5 15. dxc5 Bxc5 16. e4 Ne7 17. e5 Bd7 18. Ng5 Ng6 19. Qxb7 Ba4 20. Rdb1 Rad8 21. Be1 Bb6 22. Qe4 Qxe5 23. Qxc4 Bc2 24. Nf3 Qf5 25. Rc1 Bd3 26. Qa2 e5 27. a4 Be4 28. Qe2 Bd3 29. Qa2 Rd6 30. a5 Bc5 31. Nd2 e4 32. Nb3 Nf4 33. Nxc5 Ne2+ 34. Kh1 Nxc1 35. Qa3 Rc6 36. Nb7 Ne2 37. Qe7 Nxc3 38. Qb4 Nd5 39. Qd4 Qc8 40. Qxd5 Qxb7 41. Qd4 Qe7 42. h4 Qf6 43. Qxf6 Rxf6 44. Bd2 Rb8 45. Be3 Ra6 46. Ra4 h6 47. Kh2 Rb5 48. Bd2 Rf6 49. Be3 a6 50. Bh3 Rb2 51. Kg2 Rb1 52. Bg4 Rd6 53. h5 Rd5 54. Ra3 f5 55. Bh3 Be2 56. Kh2 Bf3 57. Bg2 Rdd1 58. Bxf3 exf3 59. g4 Rg1 0-1